Map: Kairos Junction LE

Players

Countess

  • Race: Protoss Protoss
  • League: Master
  • Spawn Location: 11:00

Mez - Winner!

  • Race: Terran Terran
  • League: Master
  • Spawn Location: 5:00

VOD

Have the link to the VOD?

Description

Time

  • Played on: Aug. 13, 2019, 2:55 p.m.
  • Length: 6:39
Show
View Real Time Build Order
Export as new Build Order

Countess Protoss 

Build Orders: 1 Gate Expand 

Get SALT Encoding   

  12  0:01  Probe  
  13  0:13  Probe  
  14  0:18  Pylon  
  14  0:24  Probe  
  15  0:33  Probe  
  15  0:39  Gateway  
  15  0:41  Probe  
  16  0:48  Assimilator  
  17  0:52  Probe  
  18  1:04  Probe  
  19  1:16  Probe  
  20  1:26  Cybernetics Core  
  20  1:37  Nexus  
  20  1:45  Probe, Pylon  
  21  1:53  Adept  
  21  1:57  Probe  
  24  2:09  Probe  
  24  2:12  Assimilator  
  25  2:19  Twilight Council  
  25  2:25  Stalker  
  25  2:27  Probe  
  28  2:39  Probe  
  29  2:45  Warp Gate  
  29  2:51  Probe  
  30  3:14  Probe x2  
  30  3:15  Charge  
  30  3:26  Probe x2  
  32  3:34  Gateway  
  32  3:35  Gateway  
  32  3:37  Gateway  
  32  3:39  Probe x2, Gateway  
  34  3:51  Probe  
  35  3:58  Robotics Facility, Pylon  
  35  4:00  Pylon  
  35  4:04  Assimilator  
  35  4:05  Assimilator  
  35  4:06  Pylon  
  35  4:08  Pylon  
  35  4:34  Warp Prism  
  35  4:36  Zealot x4  
  35  4:37  Zealot  
  45  4:44  Gateway  
  45  4:45  Gateway  
  47  4:47  Pylon  
  47  4:49  Pylon  
  47  4:51  Pylon  
  47  5:04  Zealot x5  
  57  5:25  Zealot x2  
  57  5:26  Zealot x3  
  67  5:46  Zealot x6  
  67  5:47  Zealot  
  81  5:51  Pylon  
  81  5:54  Pylon  
  71  6:11  Zealot  
  71  6:12  Zealot x6  
  49  6:23  Zealot x7  
Show
View Real Time Build Order
Export as new Build Order

Mez Terran - Winner!

Build Orders: Reaper Expand 

Get SALT Encoding   

  12  0:01  SCV  
  13  0:13  SCV  
  14  0:17  Supply Depot  
  14  0:25  SCV  
  15  0:39  SCV  
  15  0:40  Barracks  
  16  0:44  Refinery  
  16  0:51  SCV  
  17  1:03  SCV  
  18  1:19  SCV  
  19  1:32  Reaper, Orbital Command  
  20  1:42  Command Center  
  20  1:52  Bunker  
  20  1:58  SCV  
  20  2:00  Supply Depot  
  21  2:04  Barracks Reactor  
  21  2:11  SCV  
  22  2:23  SCV  
  23  2:32  Command Center  
  23  2:36  SCV  
  24  2:42  Marine  
  24  2:43  Marine  
  26  2:48  SCV  
  26  2:59  Factory  
  26  3:00  Marine  
  26  3:01  Refinery, Marine  
  27  3:14  Orbital Command  
  27  3:15  SCV  
  28  3:23  Marine x2  
  30  3:28  SCV  
  31  3:40  SCV  
  32  3:41  Marine x2  
  32  3:43  Widow Mine  
  36  3:48  Starport  
  36  3:51  SCV  
  36  3:52  SCV  
  38  3:55  Refinery  
  38  3:59  Orbital Command  
  38  4:08  SCV x2  
  40  4:11  Widow Mine  
  40  4:15  Marine x2  
  44  4:20  SCV  
  44  4:21  SCV  
  46  4:26  Starport Tech Lab  
  46  4:27  SCV  
  47  4:32  Marine x2  
  47  4:33  SCV  
  47  4:38  Supply Depot, Factory Tech Lab  
  50  4:44  SCV x2  
  52  4:47  Raven  
  54  4:53  Marine x2  
  54  4:54  Bunker  
  54  4:59  Barracks x2  
  56  5:01  Siege Tank  
  56  5:04  SCV x2  
  61  5:08  Supply Depot  
  61  5:19  Marine x2  
  61  5:20  Supply Depot  
  63  5:29  SCV  
  63  5:30  SCV x2  
  63  5:34  Siege Tank  
  69  5:39  Marine  
  69  5:40  Marine  
  69  5:42  SCV x3  
  74  5:47  Refinery, Starport Reactor  
  74  5:54  SCV x3  
  74  5:55  Barracks Tech Lab  
  75  6:06  SCV x2  
Tags
 
Add a new tag
Caveats
  • Supply blocks, unpowered buildings, or Contaminate may cause inaccurate times.
  • Supply counts are checked every 10 seconds.